 Dungeon Crawl Stone Soup version 0.31.0-32-g396128a36d (webtiles) character file.

Game seed: 13257535720254722788

156 blackwindknight the Ruffian (level 5, -2/53 HPs)
             Began as a Troll Berserker on Mar 15, 2024.
             Was a Believer of Trog.
             Slain by an ogre
             ... wielding a +0 giant spiked club
              (20 damage)
             ... on level 4 of the Dungeon.
             The game lasted 00:17:12 (2530 turns).

blackwindknight the Ruffian (Troll Berserker)       Turns: 2530, Time: 00:17:12

Health: -2/53      AC:  5    Str: 27    XL:     5   Next: 14%
Magic:  4/4        EV: 10    Int:  3    God:    Trog [**....]
Gold:   102        SH:  0    Dex:  9    Spells: 4/4 levels left

rFire   . .          .
                       - Unarmed
rCold   . . .        (no shield)
rNeg    . . .        a - +0 animal skin
rPois   .            (helmet restricted)
rElec   .            f - +0 cloak
rCorr   +            (gloves unavailable)
SInv    .            (boots unavailable)
Will    .....        (no amulet)
Stlth   +            e - ring of resist corrosion
HPRegen 1.08/turn    (no ring)
MPRegen 0.09/turn

%: no passive effects
@: no status effects
A: large, unfitting armour, claws 3, regeneration 1, shaggy fur 1, tough skin 1
a: Renounce Religion, Berserk, Trog's Hand


You were on level 4 of the Dungeon.
You worshipped Trog.
Trog was pleased with you.
You visited 1 branch of the dungeon, and saw 4 of its levels.

You collected 102 gold pieces.

Inventory:

Missiles
 h - 46 stones (quivered)
Armour
 a - a +0 animal skin (worn)
 f - a +0 cloak (worn)
Jewellery
 e - a ring of resist corrosion (left claw)
Scrolls
 n - a scroll of vulnerability
 p - a scroll of noise
Potions
 c - 3 potions of curing {unknown}
 g - 2 potions of degeneration {unknown}
 i - a potion of might {unknown}
 k - a potion of invisibility {unknown}
 l - 2 potions of heal wounds {unknown}
 m - 2 potions of enlightenment {unknown}
 q - a potion of attraction {unknown}
 r - a potion of resistance {unknown}
 s - a potion of mutation {unknown}


   Skills:
 + Level 3.0 Fighting
 + Level 3.3 Dodging
 + Level 0.2 Stealth
 + Level 4.6 Unarmed Combat


You had 4 spell levels left.
You didn't know any spells.
Your spell library was empty.

Dungeon Overview and Level Annotations

Branches:
Dungeon (4/15)             Temple (0/1) D:4

Altars:
Ashenzari
Trog

Shops:
D:3 *


Innate Abilities, Weirdness & Mutations

You are too large for most types of armour.
You have claws for hands.
Your natural rate of healing is unusually fast.
You are covered in fur. (AC +1)
You have tough skin. (AC +1)


Message History

An endoplasm comes into view.
The endoplasm quivers.
The hound bites you but does no damage.
You claw the hound!
You kill the hound!
Trog accepts your kill.
Your Fighting skill increases to level 3!
You have reached level 5!
The endoplasm freezes you.
You are frozen.
You scratch the endoplasm but do no damage.
The endoplasm hits you but does no damage.
You claw the endoplasm!
You kill the endoplasm!
Trog accepts your kill.
A hobgoblin comes into view.
The hobgoblin shouts!
An ogre comes into view. It is wielding a +0 giant spiked club.
The ogre shouts!
The hobgoblin barely misses you.
You barely miss the hobgoblin.
You scratch the hobgoblin but do no damage.
The hobgoblin hits you but does no damage.
You claw the ogre!
The ogre is heavily wounded.
The hobgoblin misses you.
The ogre hits you with a +0 giant spiked club!!
Ouch! That really hurt!
You are too injured to fight recklessly!
You are too injured to fight recklessly!
You claw the hobgoblin!
You kill the hobgoblin!
Trog accepts your kill.
The ogre hits you with a +0 giant spiked club.
You barely miss the ogre.
The ogre is heavily wounded.
You scratch the ogre.
The ogre is severely wounded.
The ogre hits you with a +0 giant spiked club!!
You die...

........#. .........
......... ........#
#.......########
##...8>8...# #
#........#. ..#
......#..###.###....#
......#<.#...@†.#
..... #.......O.#
..... #.##......#
.... ####..$...# ....
########


You could see an ogre.

Vanquished Creatures
  A hound (D:4)
  7 adders
  A dart slug (D:3)
  An orc (D:3)
  6 endoplasms
  2 giant cockroaches
  7 goblins
  4 hobgoblins
  9 kobolds
  2 quokkas (D:3)
  6 ball pythons
  5 bats
  5 frilled lizards
  8 rats
64 creatures vanquished.

Notes
Turn   | Place    | Note
-------+----------+-------------------------------------------
     0 | D:1      | blackwindknight the Troll Berserker began the quest for the
                  | Orb.
     0 | D:1      | Reached XP level 1. HP: 22/22 MP: 0/0
   135 | D:1      | Reached XP level 2. HP: 29/29 MP: 1/1
   305 | D:1      | Found a faded altar of an unknown god.
   847 | D:2      | Reached ** piety under Trog
   848 | D:2      | Reached XP level 3. HP: 36/36 MP: 2/2
  1244 | D:2      | Reached XP level 4. HP: 43/44 MP: 3/3
  1247 | D:2      | Reached skill level 4 in Unarmed Combat
  1611 | D:3      | Found Xipis's Assorted Antiques.
  1680 | D:3      | Found a bloodstained altar of Trog.
  2068 | D:3      | Found a broken altar of Ashenzari.
  2505 | D:4      | Found a staircase to the Ecumenical Temple.
  2513 | D:4      | Reached XP level 5. HP: 53/53 MP: 4/4
  2522 | D:4      | Noticed an ogre
  2530 | D:4      | Slain by an ogre

Illustrated notes

Levels and vault maps discovered:
D:1:      onia_arrival_mini_maze, layout_basic,
          hellmonk_ecumenical_altar_lost_god, serial_glass, glass_columns_a,
          glass_columns_a, glass_columns_a, glass_columns_c
D:2:      minmay_kobold_bridge, layout_loops_ring, minmay_tromino_i4
D:3:      layout_loops_corners, cheibrodos_ashenzari_chains,
          nicolae_overflow_crystal_walls, serial_shops,
          nicolae_shop_competitors_out_of_business, grunt_ministairs_9
D:4:      layout_rooms, mainiacjoe_overflow_surrounded_room,
          okawaru_ov_weapons_minmay, mainiacjoe_overflow_24_doors,
          temple_statues

Skill      XL: |  1  2  3  4 |
---------------+-------------+-----
Dodging        | 3 |  3.3
Unarmed Combat | 4 |  4.6
Fighting       | 3 |  3.0
Stealth        | |  0.2

Action                     |  1- 3 |  4- 6 || total
---------------------------+-------+-------++-------
  Melee: Unarmed           |    80 |    48 ||   128
         Punch             |     4 |     2 ||     6
    Use: Scroll            |     1 |     6 ||     7
   Stab: Distracted        |     1 |       ||     1
         Sleeping          |       |     1 ||     1
 Armour: Animal skin       |    43 |    20 ||    63
  Dodge: Dodged            |    40 |    19 ||    59
